Map: Polka LE

Players

qqq

  • Race: Zerg Zerg
  • Spawn Location: 11:00

Massa

  • Race: Terran Terran
  • League: Platinum
  • Spawn Location: 11:00

NooNoo

  • Race: Terran Terran
  • Spawn Location: 5:00

Dipsy

  • Race: Protoss Protoss
  • League: Diamond
  • Spawn Location: 5:00

VOD

Have the link to the VOD?

Description

Time

  • Played on: Feb. 12, 2021, 10:59 a.m.
  • Length: 11:15
Show
View Real Time Build Order
Export as new Build Order

qqq Zerg 

Build Orders: Hatch First 

Get SALT Encoding   

  12  0:00  Drone  
  13  0:08  Drone  
  14  0:16  Overlord  
  14  0:45  Hatchery  
  13  0:50  Drone  
  13  0:51  Drone  
  13  0:55  Drone  
  16  1:14  Spawning Pool  
  16  1:15  Extractor  
  14  1:23  Drone x2  
  14  1:25  Drone  
  18  2:01  Drone x3  
  18  2:04  Queen  
  18  2:07  Drone  
  25  2:13  Drone  
  26  2:17  Lair  
  26  2:19  Drone  
  25  2:23  Drone  
  25  2:26  Extractor  
  25  2:28  Overlord  
  25  2:36  Extractor  
  24  2:39  Queen  
  26  2:46  Drone  
  26  2:47  Drone  
  26  2:50  Drone  
  26  2:51  Drone  
  30  2:56  Extractor  
  30  2:58  Drone  
  31  3:02  Drone  
  31  3:03  Drone  
  33  3:06  Overlord  
  33  3:16  Extractor  
  33  3:22  Spire  
  33  3:23  Drone x2  
  33  3:24  Drone  
  35  3:30  Drone  
  35  3:31  Overlord  
  36  3:34  Drone  
  36  3:36  Drone  
  38  3:44  Drone  
  39  3:57  Drone x2  
  39  3:59  Overlord  
  39  4:02  Drone  
  42  4:05  Overlord  
  42  4:07  Drone  
  42  4:08  Drone  
  42  4:09  Hatchery  
  43  4:12  Overlord  
  43  4:14  Drone  
  44  4:26  Extractor  
  44  4:27  Extractor, Spore Crawler  
  41  4:33  Mutalisk x3  
  41  4:35  Corruptor  
  49  4:40  Drone x2  
  51  4:47  Drone, Infestation Pit  
  51  4:48  Overlord  
  51  4:50  Drone  
  52  5:03  Drone x3  
  52  5:04  Corruptor  
  57  5:09  Drone  
  57  5:11  Corruptor  
  60  5:20  Drone, Spore Crawler  
  60  5:23  Drone x2  
  60  5:27  Queen  
  64  5:28  Drone  
  65  5:35  Mutalisk  
  65  5:39  Zerg Flyer Weapons Level 1  
  65  5:41  Drone  
  68  5:48  Hive  
  68  5:51  Drone x2  
  68  5:53  Hatchery  
  69  5:58  Corruptor  
  69  6:02  Mutalisk  
  69  6:03  Drone  
  69  6:04  Drone  
  75  6:10  Drone  
  76  6:13  Spore Crawler  
  76  6:14  Drone  
  76  6:15  Mutalisk  
  76  6:18  Overlord  
  78  6:19  Overlord  
  78  6:20  Drone  
  78  6:23  Mutalisk  
  81  6:32  Drone  
  82  6:35  Mutalisk  
  84  6:40  Mutalisk  
  84  6:42  Drone  
  84  6:46  Overlord  
  84  6:47  Overlord x2  
  87  6:51  Extractor  
  87  6:52  Extractor  
  85  6:55  Drone  
  85  6:57  Mutalisk  
  85  6:59  Mutalisk  
  90  7:05  Drone  
  91  7:09  Mutalisk  
  91  7:11  Drone x2, Hatchery  
  91  7:14  Hatchery  
  93  7:16  Mutalisk  
  93  7:20  Queen  
  93  7:22  Drone x2  
  99  7:25  Spore Crawler  
  99  7:28  Drone, Spine Crawler  
  99  7:29  Spine Crawler  
  97  7:30  Viper  
  100  7:38  Zerg Flyer Armor Level 1  
  100  7:43  Drone x3  
  100  7:44  Drone, Spore Crawler  
  104  7:47  Mutalisk  
  104  7:50  Mutalisk  
  107  7:53  Drone x2  
  109  8:03  Viper  
  109  8:04  Drone  
  109  8:05  Drone x4  
  117  8:12  Corruptor  
  119  8:14  Corruptor, Overlord  
  119  8:15  Overlord  
  119  8:19  Drone x2  
  123  8:26  Corruptor x2  
  125  8:28  Drone x3  
  125  8:29  Drone  
  131  8:34  Drone  
  132  8:53  Drone x7  
  139  8:57  Extractor x2  
  139  8:58  Viper  
  139  8:59  Viper  
  139  9:00  Mutalisk  
  115  9:20  Corruptor x3  
  115  9:21  Corruptor  
  111  9:27  Corruptor  
  111  9:29  Zergling x12  
  111  9:30  Zergling x6  
  112  9:40  Drone x3  
  112  9:41  Drone x8  
  123  9:52  Zergling x6, Spire  
  125  9:53  Drone x3  
  125  9:57  Corruptor  
  125  9:59  Corruptor  
  131  10:12  Mutalisk, Corruptor  
  131  10:13  Corruptor  
  121  10:17  Corruptor  
  121  10:19  Drone x3  
  113  10:22  Corruptor  
  113  10:24  Drone  
  113  10:25  Drone x5  
  119  10:29  Extractor  
  119  10:30  Extractor x2  
  119  10:31  Extractor  
  115  10:37  Corruptor x2  
  115  10:41  Mutalisk  
  115  10:42  Zergling x8  
  125  10:48  Hatchery  
  122  10:55  Zergling x6  
  122  10:56  Drone x2  
  132  10:57  Zergling x6  
Show
View Real Time Build Order
Export as new Build Order

Massa Terran 

Build Orders: Hellion Banshee 

Get SALT Encoding   

  12  0:00  SCV  
  13  0:12  SCV  
  14  0:22  Supply Depot  
  14  0:25  SCV  
  15  0:32  Refinery  
  15  0:43  SCV  
  15  0:46  Barracks  
  16  0:55  SCV  
  17  1:08  SCV  
  18  1:24  SCV  
  19  1:38  Orbital Command  
  19  1:42  Barracks Reactor  
  19  1:47  Command Center  
  19  2:07  Supply Depot  
  19  2:09  SCV  
  19  2:14  Factory  
  20  2:18  Marine x2  
  22  2:25  SCV  
  23  2:38  SCV  
  23  2:39  Marine x2  
  26  2:44  Refinery  
  26  2:51  SCV  
  26  2:57  Marine x2  
  29  3:01  Starport  
  29  3:02  Orbital Command  
  29  3:07  SCV  
  30  3:16  Engineering Bay  
  30  3:19  SCV  
  31  3:26  Hellion x2  
  35  3:29  Barracks Tech Lab  
  35  3:35  SCV  
  35  3:37  SCV  
  37  3:43  Supply Depot  
  37  3:47  Hellion x2  
  41  3:52  SCV  
  41  3:53  SCV  
  41  3:55  Barracks Tech Lab, Cloaking Field  
  43  3:57  Banshee  
  46  4:05  SCV  
  46  4:09  Hellion  
  49  4:15  Hellion  
  49  4:26  SCV x2  
  49  4:30  Hellion  
  49  4:31  Missile Turret  
  53  4:32  Missile Turret  
  53  4:34  Missile Turret  
  53  4:38  SCV  
  54  4:42  Supply Depot  
  54  4:45  Supply Depot  
  54  4:59  Stimpack  
  54  5:03  Marine  
  54  5:04  Widow Mine x2, SCV x2  
  54  5:06  Supply Depot  
  61  5:16  SCV x2  
  63  5:25  Widow Mine x2  
  67  5:33  Medivac  
  67  5:34  Marine  
  70  5:37  Barracks  
  70  5:42  Command Center  
  70  5:52  Marine  
  70  5:55  Barracks  
  70  5:56  Barracks  
  71  5:58  Barracks  
  71  6:09  Refinery, SCV x2, Factory Tech Lab  
  71  6:10  Refinery  
  73  6:21  SCV x2  
  73  6:22  Terran Infantry Weapons Level 1  
  75  6:26  Armory  
  75  6:28  Engineering Bay  
  75  6:33  SCV x2  
  75  6:36  Missile Turret  
  75  6:47  SCV x2  
  75  6:53  Medivac, Siege Tank  
  82  6:56  Terran Infantry Armor Level 1, Sensor Tower  
  82  6:57  Barracks Reactor, Barracks Tech Lab  
  82  6:58  Supply Depot  
  82  6:59  SCV x2, Combat Shield  
  82  7:00  Supply Depot  
  84  7:01  Marine x2  
  86  7:13  Marauder  
  86  7:14  Barracks Tech Lab  
  88  7:19  Marine x2  
  88  7:22  Missile Turret, Supply Depot  
  90  7:24  Supply Depot  
  90  7:25  Siege Tank  
  90  7:26  Orbital Command  
  90  7:29  Missile Turret  
  93  7:30  SCV x2  
  93  7:34  Marauder  
  93  7:36  Medivac  
  99  7:42  SCV, Missile Turret  
  97  8:03  Marauder x2  
  97  8:04  Marauder, Marine x4  
  107  8:17  Siege Tank  
  107  8:18  Concussive Shells  
  110  8:22  Marine  
  110  8:25  Marauder x3  
  117  8:31  SCV x3  
  120  8:37  Missile Turret  
  120  8:40  Medivac  
  122  8:42  Marine  
  122  8:43  SCV x2  
  125  8:49  Terran Infantry Weapons Level 2  
  125  8:50  Supply Depot  
  125  8:56  Missile Turret, Supply Depot  
  125  9:04  Marauder  
  125  9:08  SCV x2  
  125  9:10  SCV  
  125  9:11  Marauder, Siege Tank  
  125  9:12  Marauder  
  125  9:15  Marine x2  
  125  9:16  Marine x2  
  91  9:26  Marauder  
  93  9:33  Marauder x2, Marine x2  
  93  9:34  Marine x2  
  93  9:42  Barracks, Medivac  
  93  9:43  Barracks, Thor  
  101  9:46  SCV x2, Factory  
  101  9:47  SCV, Marauder  
  101  9:50  Marine  
  107  9:53  Refinery  
  107  9:54  Marauder x2  
  107  9:56  Refinery  
  107  9:58  SCV  
  107  9:59  SCV x2  
  103  10:09  Marauder  
  103  10:10  SCV  
  103  10:11  SCV  
  103  10:12  Command Center, Medivac  
  103  10:13  Marine x4  
  102  10:15  Marine  
  102  10:16  Marauder  
  102  10:26  Thor  
  104  10:29  Marine  
  104  10:31  Marine x4  
  104  10:33  Marine  
  107  10:36  Marine  
  104  10:47  Marine  
  104  10:49  Marine x4  
Show
View Real Time Build Order
Export as new Build Order

NooNoo Terran 

Build Orders: Mech 

Get SALT Encoding   

  12  0:00  SCV  
  13  0:12  SCV  
  14  0:23  Supply Depot  
  14  0:24  SCV  
  15  0:44  SCV  
  15  0:45  Barracks  
  16  0:50  Refinery  
  16  0:57  SCV  
  17  1:09  SCV  
  17  1:21  SCV  
  18  1:33  SCV  
  19  1:45  SCV  
  20  1:53  Reaper  
  21  1:58  Orbital Command  
  21  2:06  Command Center  
  21  2:13  Supply Depot  
  21  2:18  Refinery  
  21  2:24  SCV  
  22  2:36  SCV  
  23  2:38  Marine  
  23  2:43  Factory  
  24  2:48  SCV  
  25  2:56  Marine  
  26  3:01  SCV  
  27  3:15  Barracks Tech Lab  
  27  3:20  Orbital Command  
  27  3:24  SCV  
  28  3:35  Factory  
  28  3:36  SCV  
  29  3:46  Barracks Tech Lab  
  29  3:47  Siege Tank  
  29  3:48  SCV  
  33  3:51  Refinery, SCV  
  33  3:52  Refinery  
  34  4:00  SCV, Factory  
  35  4:03  SCV  
  36  4:12  SCV  
  36  4:15  SCV  
  39  4:24  SCV  
  39  4:28  SCV  
  40  4:35  Siege Tank  
  40  4:36  SCV  
  44  4:40  SCV, Supply Depot  
  44  4:43  Siege Tank  
  48  4:46  Supply Depot  
  48  4:47  Supply Depot  
  48  4:48  Factory Tech Lab, SCV  
  48  4:52  SCV  
  50  5:00  SCV  
  50  5:04  SCV  
  52  5:08  Siege Tank x2  
  52  5:09  Supply Depot  
  52  5:11  Supply Depot  
  52  5:12  SCV  
  59  5:16  SCV  
  59  5:18  Siege Tank  
  61  5:26  SCV  
  61  5:28  SCV  
  63  5:36  Supply Depot  
  63  5:38  SCV, Supply Depot  
  63  5:40  SCV, Siege Tank x2  
  71  5:50  SCV  
  71  5:52  SCV  
  71  5:54  Armory  
  73  6:03  SCV, Siege Tank  
  77  6:04  SCV  
  78  6:15  SCV  
  78  6:16  SCV  
  80  6:22  Siege Tank  
  83  6:27  SCV  
  83  6:29  SCV  
  83  6:39  SCV  
  84  6:41  SCV, Thor  
  84  6:42  Thor  
  97  6:49  Command Center  
  97  6:51  SCV  
  97  6:53  SCV  
  99  6:56  Engineering Bay  
  99  6:57  Thor  
  105  7:04  SCV  
  105  7:05  SCV  
  107  7:10  Terran Vehicle Weapons Level 1  
  107  7:14  Refinery x2  
  107  7:16  Supply Depot  
  107  7:19  Supply Depot  
  107  7:25  Supply Depot  
  107  7:37  Thor  
  107  7:42  Supply Depot  
  113  7:45  SCV x2  
  113  7:48  Supply Depot  
  113  8:02  Missile Turret  
  113  8:04  Missile Turret  
  113  8:07  SCV x2, Missile Turret  
  113  8:08  Missile Turret  
  113  8:09  Thor  
  113  8:10  Siege Tank  
  124  8:17  Orbital Command  
  124  8:19  SCV x2  
  126  8:23  Siege Tank  
  126  8:24  Missile Turret  
  129  8:31  SCV  
  129  8:32  SCV  
  131  8:42  Siege Tank  
  131  8:43  SCV  
  131  8:44  SCV  
  136  8:52  Siege Tank  
  136  8:55  Siege Tank  
  124  9:14  Thor  
  121  9:24  Thor  
  121  9:27  Thor  
  133  9:57  Thor  
  133  10:07  Siege Tank  
  133  10:10  Thor  
  142  10:39  Siege Tank  
Show
View Real Time Build Order
Export as new Build Order

Dipsy Protoss 

Build Orders: Carriers 

Get SALT Encoding   

  12  0:00  Probe  
  13  0:15  Pylon  
  13  0:24  Probe (Chrono Boost)  
  15  0:36  Probe (Chrono Boost)  
  15  0:41  Probe (Chrono Boost), Gateway  
  16  0:48  Assimilator  
  16  0:52  Probe  
  17  0:59  Assimilator  
  17  1:04  Probe (Chrono Boost)  
  18  1:15  Probe (Chrono Boost)  
  19  1:20  Probe (Chrono Boost)  
  20  1:31  Probe  
  21  1:35  Cybernetics Core  
  21  1:41  Pylon  
  21  1:43  Probe  
  22  1:55  Probe  
  23  2:09  Nexus  
  23  2:21  Stargate  
  23  2:32  Stargate  
  23  2:39  Probe (Chrono Boost)  
  24  2:52  Probe (Chrono Boost)  
  25  2:59  Void Ray (Chrono Boost), Assimilator  
  25  3:00  Probe (Chrono Boost)  
  25  3:04  Pylon  
  30  3:13  Probe  
  31  3:24  Void Ray (Chrono Boost)  
  31  3:25  Probe (Chrono Boost)  
  37  3:32  Probe (Chrono Boost)  
  38  3:36  Probe (Chrono Boost)  
  38  3:40  Probe (Chrono Boost), Void Ray  
  39  3:47  Probe  
  44  3:50  Probe  
  45  3:57  Void Ray  
  45  4:00  Probe  
  47  4:02  Probe  
  51  4:12  Probe  
  52  4:25  Probe x2  
  52  4:29  Pylon  
  52  4:30  Assimilator  
  54  4:40  Void Ray x2 (Chrono Boost)  
  54  4:45  Pylon  
  62  4:59  Pylon  
  62  5:03  Probe x2  
  62  5:04  Fleet Beacon  
  64  5:15  Probe x2  
  70  5:21  Void Ray (Chrono Boost)  
  70  5:27  Probe  
  71  5:28  Pylon  
  71  5:35  Void Ray (Chrono Boost)  
  75  5:45  Nexus  
  75  5:48  Probe x2, Pylon  
  77  5:56  Tempest (Chrono Boost)  
  82  6:14  Tempest (Chrono Boost)  
  87  6:28  Pylon  
  87  6:30  Probe  
  87  6:31  Pylon  
  87  6:32  Probe  
  89  6:33  Protoss Air Weapons Level 1  
  89  6:42  Probe  
  89  6:43  Carrier (Chrono Boost), Forge  
  97  6:57  Probe (Chrono Boost)  
  97  6:58  Probe x2 (Chrono Boost)  
  97  7:01  Assimilator  
  99  7:03  Assimilator  
  99  7:06  Pylon  
  108  7:08  Probe (Chrono Boost)  
  108  7:09  Pylon  
  108  7:10  Probe x2 (Chrono Boost)  
  108  7:15  Carrier (Chrono Boost)  
  108  7:16  Shield Battery  
  108  7:22  Photon Cannon  
  108  7:24  Photon Cannon  
  108  7:33  Probe  
  108  7:34  Probe  
  108  7:35  Probe, Carrier (Chrono Boost)  
  117  7:43  Shield Battery  
  117  7:46  Probe  
  117  7:49  Probe x2  
  120  7:55  Shield Battery  
  120  7:58  Probe  
  121  8:01  Probe  
  122  8:06  Pylon  
  122  8:08  Probe  
  122  8:10  Probe, Carrier (Chrono Boost)  
  130  8:24  Carrier (Chrono Boost)  
  130  8:26  Pylon  
  130  8:30  Pylon  
  136  8:35  Stargate  
  136  8:41  Pylon  
  136  8:44  Pylon  
  136  8:46  Pylon  
  136  9:02  Carrier (Chrono Boost)  
  134  9:16  Carrier (Chrono Boost)  
  120  9:29  Carrier (Chrono Boost)  
  122  9:58  Carrier (Chrono Boost)  
  128  10:17  Nexus  
  128  10:22  Pylon  
Tags
 
Add a new tag
Caveats
  • Supply blocks, unpowered buildings, or Contaminate may cause inaccurate times.
  • Supply counts are checked every 10 seconds.